AoeStats
← Okillebo

Arabia

507837858Analyzed
1v1 RM · 12d ago on Sep 19, 2026· 27m 10s· 2 players
Game mode
Random Map
Map size
Tiny (2 player)
Population
200
Speed
Normal
Resources
Standard
Victory
Conquest
Starting age
Dark Age
Ending age
Imperial Age
RankedLock teamsTeams togetherTeam positionsShared explorationLock speedFull tech treeHidden civsTurbo modeCheats
Victory
Defeat
🇫🇷 Franks · France
882
+14
🇪🇸 Mongols · Spain
834
-14
Okillebo
7:04 Loom
9:38 Feudal Age
17:33 Castle Age
17:53 Scale Barding Armor
20:03 Double-Bit Axe
25:08 Forging
25:50 Squires
ferbalsan
3:28 Loom
9:25 Feudal Age
13:37 Scale Barding Armor
20:51 Castle Age
18:32 Horse Collar
18:42 Double-Bit Axe
20:32 Bloodlines
21:24 Forging
21:43 Husbandry
25:50 Town Watch
26:40 Wheelbarrow
26:17 Bow Saw
25:48 Horse Collar
Connection lost

Rejoining the realm…

Still unreachable

The connection could not be restored.

Session expired

The server has moved on; the page needs a fresh start.